General information
- name: BNet
- type: Ladder team game (AT/RT)
- host: Battle.net
- saver: Teelo
map: Slalom
- players: 8
- length: 17:01
- speed: Fast
- version: 1.26 W3XP
- replay type: Public
» download(105 KB)
Players
team 1 (loser)

»
beerzownme (
orange | 52 APM | 878 actions | 16:50)
5 Archmage
2 Summon Water Elemental
2 Brilliance Aura
1 Blizzard
4 Blood Mage
2 Flame Strike
2 Siphon Mana
» actions
| Basic commands | 25 | |
| Build / train | 81 | |
| Enter build submenu | 25 | |
| Enter hero's abilities submenu | 9 | |
| Give item / drop item | 2 | |
| Right click | 323 | |
| Select / deselect | 356 | |
| Use ability | 57 | |
878 total
» units
| Peasant | 18 | |
| Rifleman | 7 | |
| Mortar Team | 6 | |
| Sorceress | 6 | |
| Siege Engine | 3 | |
| Priest | 3 | |
| Knight | 2 | |
| Spell Breaker | 1 | |
46 total
» upgrades
| Gunpowder | 2 | |
| Lumber Harvesting | 2 | |
| Flare | 1 | |
| Sorceress Training | 2 | |
| Barrage | 1 | |
| Plating | 1 | |
| Priest Training | 2 | |
| Fragmentation Shards | 1 | |
| Animal War Training | 1 | |
| Control Magic | 1 | |
14 total
» buildings
| Lumber Mill | 2 | |
| Farm | 12 | |
| Barracks | 1 | |
| Altar of Kings | 1 | |
| Blacksmith | 1 | |
| Town Hall | 1 | |
| Scout Tower | 1 | |
| Keep | 1 | |
| Arcane Tower | 1 | |
| Arcane Vault | 1 | |
| Workshop | 2 | |
| Castle | 1 | |
| Arcane Sanctum | 2 | |
27 total
» build order
00:08 Lumber Mill
00:12 Farm
00:42 Barracks
01:04 Altar of Kings
01:37 Farm
01:48 Blacksmith
02:23 Farm
02:43 Farm
04:47 Town Hall
04:55 Scout Tower
05:02 Keep
05:37 Farm
05:47 Arcane Tower
06:00 Arcane Vault
06:15 Farm
06:23 Farm
07:46 Workshop
07:57 Lumber Mill
08:00 Castle
08:17 Farm
08:36 Workshop
09:38 Arcane Sanctum
11:07 Farm
11:52 Arcane Sanctum
13:17 Farm
14:20 Farm
15:04 Farm
» items
| Circlet of Nobility | 1 | |
| Orb of Fire | 1 | |
| Scroll of Town Portal | 1 | |
| Scroll of Regeneration | 2 | |
| Potion of Healing | 1 | |
6 total

»
starsunited (
red | 53 APM | 901 actions | 16:54)
5 Demon Hunter
2 Immolation
3 Evasion
» actions
| Assign group hotkey | 23 | |
| Build / train | 71 | |
| Enter build submenu | 21 | |
| Enter hero's abilities submenu | 5 | |
| Give item / drop item | 3 | |
| Remove unit from queue | 6 | |
| Right click | 316 | |
| Select / deselect | 221 | |
| Select group hotkey | 193 | |
| Use ability | 40 | |
901 total
» units
| Wisp | 21 | |
| Hippogryph | 14 | |
| Chimaera | 5 | |
40 total
» upgrades
| Corrosive Breath | 1 | |
| Well Spring | 1 | |
| Nature's Blessing | 1 | |
| Strength of the Wild | 1 | |
| Reinforced Hides | 2 | |
6 total
» buildings
| Altar of Elders | 1 | |
| Moon Well | 6 | |
| Tree of Ages | 3 | |
| Tree of Eternity | 2 | |
| Ancient of Wind | 1 | |
| Chimaera Roost | 3 | |
| Hunter's Hall | 1 | |
| Tree of Life | 1 | |
| Ancient Protector | 5 | |
23 total
» build order
00:07 Altar of Elders
00:19 Moon Well
01:58 Tree of Ages
01:58 Tree of Ages
02:03 Moon Well
02:58 Moon Well
03:53 Moon Well
04:20 Tree of Eternity
04:20 Tree of Eternity
04:22 Ancient of Wind
04:48 Moon Well
06:46 Chimaera Roost
06:48 Chimaera Roost
06:50 Chimaera Roost
08:06 Hunter's Hall
08:13 Moon Well
10:58 Tree of Life
11:34 Ancient Protector
13:20 Ancient Protector
13:37 Ancient Protector
14:33 Ancient Protector
15:58 Ancient Protector

»
pie22 (
pink | 28 APM | 476 actions | 16:58)
2 Paladin
1 Holy Light
1 Devotion Aura
» actions
| Basic commands | 13 | |
| Build / train | 43 | |
| Enter build submenu | 24 | |
| Enter hero's abilities submenu | 2 | |
| Remove unit from queue | 1 | |
| Right click | 127 | |
| Select / deselect | 236 | |
| Use ability | 30 | |
476 total
» units
» upgrades
| Swords | 3 | |
| Plating | 3 | |
| Animal War Training | 1 | |
7 total
» buildings
| Farm | 13 | |
| Altar of Kings | 1 | |
| Barracks | 3 | |
| Lumber Mill | 1 | |
| Arcane Vault | 1 | |
| Town Hall | 1 | |
| Keep | 1 | |
| Blacksmith | 1 | |
| Castle | 1 | |
23 total
» build order
00:26 Farm
00:34 Altar of Kings
00:43 Barracks
01:04 Farm
02:05 Farm
02:17 Lumber Mill
02:51 Farm
03:38 Arcane Vault
05:41 Town Hall
06:11 Farm
06:13 Keep
06:21 Barracks
06:25 Barracks
06:29 Blacksmith
07:04 Farm
07:50 Farm
08:31 Farm
08:37 Castle
09:30 Farm
10:31 Farm
11:16 Farm
11:56 Farm
12:37 Farm
» items
| Scroll of Regeneration | 1 | |
| Boots of Speed | 1 | |
2 total
xslasherx2 (
teal | 15 APM | 240 actions | 15:41)
3 Dreadlord
2 Carrion Swarm
1 Vampiric Aura
» actions
| Assign group hotkey | 2 | |
| Build / train | 41 | |
| Enter build submenu | 18 | |
| Enter hero's abilities submenu | 3 | |
| Right click | 76 | |
| Select / deselect | 70 | |
| Select group hotkey | 8 | |
| Use ability | 22 | |
240 total
» units
» upgrades
| Creature Attack | 2 | |
| Creature Carapace | 2 | |
4 total
» buildings
| Altar of Darkness | 1 | |
| Ziggurat | 9 | |
| Crypt | 2 | |
| Halls of the Dead | 1 | |
| Graveyard | 1 | |
| Black Citadel | 1 | |
| Sacrificial Pit | 1 | |
| Boneyard | 2 | |
18 total
» build order
00:11 Altar of Darkness
00:14 Ziggurat
00:19 Crypt
01:50 Ziggurat
02:48 Halls of the Dead
03:03 Graveyard
05:23 Crypt
05:38 Ziggurat
08:51 Ziggurat
08:55 Ziggurat
10:29 Ziggurat
12:06 Black Citadel
13:40 Sacrificial Pit
14:43 Boneyard
14:46 Boneyard
14:54 Ziggurat
14:58 Ziggurat
15:01 Ziggurat
» items
team 2 (winner)

»
Teelo (
yellow | 62 APM | 1057 actions | 17:01)
6 Dark Ranger
3 Black Arrow
2 Silence
1 Charm
» actions
| Assign group hotkey | 180 | |
| Basic commands | 94 | |
| Build / train | 63 | |
| ESC pressed | 1 | |
| Enter build submenu | 22 | |
| Enter hero's abilities submenu | 6 | |
| Give item / drop item | 2 | |
| Remove unit from queue | 1 | |
| Right click | 239 | |
| Select / deselect | 140 | |
| Select group hotkey | 220 | |
| Use ability | 89 | |
1057 total
» units
| Peon | 20 | |
| Grunt | 2 | |
| Raider | 9 | |
| Troll Witch Doctor | 3 | |
34 total
» upgrades
| Armor | 2 | |
| Berserker Strength | 1 | |
| Reinforced Defenses | 1 | |
| Shaman Training | 1 | |
| Witch Doctor Training | 2 | |
| Ensnare | 1 | |
| Melee Weapons | 3 | |
11 total
» buildings
| Orc Burrow | 7 | |
| Altar of Storms | 1 | |
| Barracks | 1 | |
| Voodoo Lounge | 1 | |
| War Mill | 1 | |
| Stronghold | 1 | |
| Watch Tower | 2 | |
| Fortress | 1 | |
| Spirit Lodge | 2 | |
| Tauren Totem | 2 | |
| Great Hall | 1 | |
| Beastiary | 2 | |
22 total
» build order
00:22 Orc Burrow
00:39 Altar of Storms
01:20 Barracks
01:48 Voodoo Lounge
02:17 War Mill
02:45 Stronghold
03:04 Orc Burrow
04:03 Orc Burrow
05:06 Watch Tower
05:11 Fortress
05:13 Spirit Lodge
05:15 Spirit Lodge
07:22 Watch Tower
07:37 Tauren Totem
07:42 Great Hall
08:34 Beastiary
09:52 Beastiary
09:55 Tauren Totem
10:48 Orc Burrow
10:50 Orc Burrow
10:51 Orc Burrow
10:54 Orc Burrow
» items
| Healing Salve | 3 | |
| Lesser Clarity Potion | 3 | |
| Orb of Lightning | 1 | |
| Potion of Mana | 1 | |
8 total

»
Killerdestroyer (
purple | 56 APM | 954 actions | 17:00)
5 Far Seer
3 Feral Spirit
1 Chain Lighting
1 Far Sight
» actions
| Assign group hotkey | 13 | |
| Basic commands | 1 | |
| Build / train | 55 | |
| Enter build submenu | 33 | |
| Enter hero's abilities submenu | 5 | |
| Right click | 308 | |
| Select / deselect | 300 | |
| Select group hotkey | 188 | |
| Use ability | 50 | |
954 total
» units
| Peon | 21 | |
| Grunt | 3 | |
| Shaman | 4 | |
| Tauren | 7 | |
| Troll Witch Doctor | 2 | |
37 total
» upgrades
| Armor | 3 | |
| Melee Weapons | 2 | |
| Spiked Barricades | 1 | |
| Shaman Training | 2 | |
| Reinforced Defenses | 1 | |
| Pulverize | 1 | |
10 total
» buildings
| Altar of Storms | 1 | |
| Orc Burrow | 8 | |
| Barracks | 1 | |
| War Mill | 1 | |
| Stronghold | 1 | |
| Great Hall | 1 | |
| Fortress | 1 | |
| Spirit Lodge | 2 | |
| Tauren Totem | 2 | |
| Watch Tower | 13 | |
| Voodoo Lounge | 1 | |
32 total
» build order
00:36 Altar of Storms
00:39 Orc Burrow
01:07 Barracks
01:34 Orc Burrow
02:28 Orc Burrow
03:20 War Mill
04:11 Stronghold
05:24 Great Hall
05:52 Orc Burrow
06:48 Fortress
06:52 Spirit Lodge
06:57 Spirit Lodge
07:44 Orc Burrow
09:16 Tauren Totem
09:20 Tauren Totem
09:35 Watch Tower
10:18 Voodoo Lounge
10:27 Watch Tower
10:45 Watch Tower
11:52 Watch Tower
12:02 Watch Tower
12:15 Orc Burrow
13:04 Orc Burrow
13:07 Orc Burrow
13:14 Watch Tower
13:19 Watch Tower
13:22 Watch Tower
14:24 Watch Tower
14:38 Watch Tower
15:32 Watch Tower
16:34 Watch Tower
16:35 Watch Tower

»
MoistSandwich (
blue | 39 APM | 658 actions | 16:59)
5 Dark Ranger
3 Black Arrow
1 Life Drain
1 Silence
» actions
| Assign group hotkey | 14 | |
| Basic commands | 29 | |
| Build / train | 55 | |
| Enter build submenu | 15 | |
| Enter hero's abilities submenu | 5 | |
| Give item / drop item | 1 | |
| Remove unit from queue | 4 | |
| Right click | 276 | |
| Select / deselect | 162 | |
| Select group hotkey | 75 | |
| Use ability | 22 | |
658 total
» units
| Acolyte | 10 | |
| Ghoul | 9 | |
| Crypt Fiend | 5 | |
| Frost Revenant | 1 | |
| Nerubian Webspinner | 1 | |
26 total
» upgrades
| Cannibalize | 1 | |
| Creature Attack | 2 | |
| Creature Carapace | 2 | |
| Unholy Strength | 1 | |
| Unholy Armor | 1 | |
| Web | 1 | |
| Burrow | 1 | |
9 total
» buildings
| Altar of Darkness | 1 | |
| Ziggurat | 9 | |
| Crypt | 1 | |
| Tomb of Relics | 1 | |
| Halls of the Dead | 1 | |
| Graveyard | 1 | |
| Nerubian Tower | 1 | |
| Sacrificial Pit | 1 | |
| Black Citadel | 2 | |
| Spirit Tower | 7 | |
25 total
» build order
00:08 Altar of Darkness
00:11 Ziggurat
00:34 Crypt
01:12 Tomb of Relics
02:38 Ziggurat
04:00 Halls of the Dead
05:51 Ziggurat
05:52 Ziggurat
05:57 Graveyard
06:12 Nerubian Tower
08:00 Sacrificial Pit
08:41 Black Citadel
10:16 Spirit Tower
10:17 Spirit Tower
10:18 Spirit Tower
15:12 Black Citadel
15:18 Ziggurat
15:22 Ziggurat
15:23 Ziggurat
15:24 Ziggurat
15:25 Ziggurat
16:25 Spirit Tower
16:25 Spirit Tower
16:25 Spirit Tower
» items

»
CYC (
green | 33 APM | 566 actions | 16:59)
4 Death Knight
2 Death Coil
2 Unholy Aura
2 Lich
1 Frost Nova
1 Dark Ritual
» actions
| Assign group hotkey | 14 | |
| Build / train | 67 | |
| Enter build submenu | 22 | |
| Enter hero's abilities submenu | 6 | |
| Remove unit from queue | 3 | |
| Right click | 233 | |
| Select / deselect | 149 | |
| Select group hotkey | 27 | |
| Use ability | 45 | |
566 total
» units
| Acolyte | 7 | |
| Ghoul | 16 | |
| Frost Wyrm | 2 | |
| Gargoyle | 10 | |
35 total
» upgrades
| Ghoul Frenzy | 1 | |
| Freezing Breath | 1 | |
| Web | 1 | |
| Creature Attack | 3 | |
| Creature Carapace | 2 | |
| Stone Form | 1 | |
9 total
» buildings
| Crypt | 6 | |
| Altar of Darkness | 1 | |
| Ziggurat | 7 | |
| Graveyard | 1 | |
| Halls of the Dead | 2 | |
| Tomb of Relics | 1 | |
| Black Citadel | 2 | |
| Sacrificial Pit | 1 | |
| Boneyard | 2 | |
23 total
» build order
00:10 Crypt
00:15 Altar of Darkness
00:36 Ziggurat
01:03 Graveyard
02:24 Halls of the Dead
02:24 Halls of the Dead
02:35 Ziggurat
03:17 Tomb of Relics
03:28 Ziggurat
04:46 Black Citadel
04:46 Black Citadel
04:53 Sacrificial Pit
07:41 Boneyard
07:44 Boneyard
08:43 Ziggurat
08:50 Ziggurat
09:20 Ziggurat
09:25 Ziggurat
11:39 Crypt
11:44 Crypt
11:47 Crypt
13:16 Crypt
13:19 Crypt
» items
| Rod of Necromancy | 1 | |
| Orb of Corruption | 1 | |
2 total
Chat log
(00:24 / Allies) Killerdestroyer: what units?
(00:35 / Allies) Teelo: the counter to whatever our enemy gets
(00:57 / Allies) Killerdestroyer: so start building when they attack?
(01:00 / Allies) MoistSandwich: lol
(01:01 / Allies) Teelo: Yeah sure
(01:14 / Allies) Teelo: or our undead allies could send shades to their side of the map?
(01:39 / Allies) MoistSandwich: do u even know the tech requirements for shades
(01:45 / Allies) Teelo: T2
(01:51 / Allies) MoistSandwich: good
(02:05 / Allies) Teelo: so get a couple of T1 units while you tech
(02:19 / Allies) MoistSandwich: thats what im doing
(02:25 / Allies) MoistSandwich: but u should still build shit
(02:33 / Allies) Teelo: thats why I said T1 units
(02:40 / Allies) MoistSandwich: mmk
(04:29 / Allies) MoistSandwich: huge delay here
(04:36 / Allies) Teelo: australia?
(04:44 / Allies) MoistSandwich: america
(04:57 / Allies) Teelo: qq mor then lol americans complaining about 50ms
(05:11 / Allies) MoistSandwich: no this is a lot
(05:30 / Allies) Teelo: ok well lets start creeping expos now
(08:00 / Allies) Killerdestroyer: red ones first
(08:02 / Allies) Killerdestroyer: yellow
(08:09 / Allies) Teelo: so uh
(08:12 / Allies) Killerdestroyer: last thing u want to get r those u attacking
(08:13 / Allies) Teelo: how about those shades?
(08:26 / Allies) MoistSandwich: getting them
(08:53 / Allies) Killerdestroyer: nice units yellow
(08:57 / Allies) Killerdestroyer: about to get the exact same
(09:02 / Allies) Killerdestroyer: thanks for telling me
(09:03 / Allies) Killerdestroyer: when i asked
(09:05 / Allies) Teelo: I havent even chosen what to get
(09:15 / Allies) Teelo: just building all tech structures waiting for those shades
(10:53 / Allies) MoistSandwich: they have morters
(10:59 / Allies) Teelo: good
(11:00 / Allies) Teelo: getting air then
(11:00 / Allies) MoistSandwich: sending them over here
(11:09 / Allies) Killerdestroyer: gargs and hips
(11:14 / Allies) Teelo: raiders then
(11:32 / Allies) Teelo: someone take that before I dpo
(11:36 / Allies) Killerdestroyer: get some docs
(11:36 / Allies) MoistSandwich: mine
(11:58 / Allies) MoistSandwich: what should i get?
(12:09 / Allies) Teelo: arrite getting docs
(12:25 / Allies) Killerdestroyer: get fiends forsts
(12:29 / Allies) MoistSandwich: k
(12:33 / Allies) Killerdestroyer: more fiends
(12:41 / Allies) Killerdestroyer: frosts for thier morts
(14:15 / Allies) Teelo: excellent
(14:17 / Allies) Teelo: they got tanks
(14:18 / Allies) Teelo: sweet
(14:48 / Allies) MoistSandwich: there killing my shades
(14:56 / Allies) MoistSandwich: all of them...
(15:07 / Allies) Teelo: noted
(15:41 / All) beerzownme: wish he did it 10 min ago
(16:58 / All) MoistSandwich: gg